 Dungeon Crawl Stone Soup version 0.24-a0-434-gd57e52fea8 (webtiles) character file.

Game seed: 7083203615269509774

191 oros the Chopper (level 5, 0/40 HPs)
             Began as a Demonspawn Gladiator on June 15, 2019.
             Killed by nerve-wracking pain
             ... invoked by Grinder
              (10 damage)
             ... on level 3 of the Dungeon.
             The game lasted 00:04:32 (2324 turns).

oros the Chopper (Demonspawn Gladiator)             Turns: 2324, Time: 00:04:32

Health: 0/40       AC:  9    Str: 15    XL:     5   Next: 42%
Magic:  5/5        EV: 11    Int:  9    God:
Gold:   155        SH:  0    Dex: 15    Spells: 4/4 levels left

rFire    + . .     SeeInvis .   a - +1 war axe
rCold    . . .     Gourm    .   (no shield)
rNeg     . . .     Faith    .   n - +0 scale mail
rPois    .         Spirit   .   c - +0 helmet
rElec    .         Reflect  .   (no cloak)
rCorr    .         Harm     .   (no gloves)
MR       .....                  (no boots)
Stlth    ..........             (no amulet)
HPRegen  0.13/turn              b - ring of protection from fire
MPRegen  0.09/turn              (no ring)

@: no status effects
A: hooves 1, icy blue scales 1, spiny 1
a: no special abilities


You were on level 3 of the Dungeon.
You were hungry.

You visited 1 branch of the dungeon, and saw 3 of its levels.

You collected 155 gold pieces.

Inventory:

Hand Weapons
 a - a +1 war axe (weapon)
Missiles
 d - a throwing net (quivered)
Armour
 c - a +0 helmet (worn)
 n - a +0 scale mail (worn)
Jewellery
 b - a ring of protection from fire (left hand)
Scrolls
 h - 3 scrolls of fear
 j - 2 scrolls of enchant weapon
 m - a scroll of identify
Potions
 i - 2 potions of lignification
 k - 2 potions of heal wounds {unknown}
 l - a potion of cancellation {unknown}
Comestibles
 f - 9 rations
 g - 7 chunks of flesh


   Skills:
 * Level 2.8 Fighting
 + Level 4.2 Axes
 - Level 1.7 Throwing
 * Level 2.1 Armour
 + Level 3.3 Dodging


You had 4 spell levels left.
You didn't know any spells.
Your spell library was empty.

Dungeon Overview and Level Annotations

Branches:
Dungeon (3/15)

Altars:
Gozag
Qazlal
Trog

Annotations:
D:3 Grinder


Innate Abilities, Weirdness & Mutations

You have large cloven feet.
You are partially covered in icy blue scales. (AC +2)
You are partially covered in sharp spines.


Message History

Grinder is severely wounded.
Grinder struggles against the net.
You hit Grinder but do no damage.
Grinder is severely wounded.
Grinder struggles against the net.
You catch the helpless Grinder completely off-guard!
You hit Grinder. You kick Grinder.
Grinder is almost dead.
Grinder struggles against the net.
The net rips apart, and Grinder comes free!
Grinder gestures at you. You resist with significant effort.
Throwing (i - inventory)
d - 2 throwing nets (quivered)
Press: ? - help, Shift-Dir - straight line, f/p - Grinder
Aim: Grinder (almost dead)
You throw a throwing net.
The throwing net closely misses Grinder.
Grinder gestures at you. Pain shoots through your body!
You die...

## .# .#
#### .#
..# .# #
#.# .#
#.##.##.#
#....@..#
####5####
#####.#
#.....##
#......#
#.####.#
#.####.#
#....#.#
#.##.#.#


You could see Grinder.

Vanquished Creatures
  An orc priest (D:3)
  An orc wizard (D:3)
  4 adders
  2 oozes (D:1)
  A worm (D:2)
  4 dart slugs
  4 leopard geckos
  4 orcs
  A giant cockroach (D:2)
  8 goblins
  8 hobgoblins
  6 jackals (D:1)
  A quokka (D:3)
  A ball python (D:1)
  8 bats
  A frilled lizard (D:1)
  6 kobolds
  11 rats
72 creatures vanquished.

Notes
Turn   | Place    | Note
-------+----------+-------------------------------------------
     0 | D:1      | oros the Demonspawn Gladiator began the quest for the Orb.
     0 | D:1      | Reached XP level 1. HP: 16/16 MP: 1/1
    51 | D:1      | Gained mutation: You are partially covered in icy blue
                  | scales. (AC +2) [demonic ancestry]
    51 | D:1      | Reached XP level 2. HP: 22/22 MP: 2/2
   249 | D:1      | Reached skill level 3 in Axes
   484 | D:1      | Gained mutation: You are partially covered in sharp spines.
                  | [demonic ancestry]
   484 | D:1      | Reached XP level 3. HP: 26/27 MP: 3/3
  1015 | D:2      | Reached skill level 1 in Armour
  1241 | D:2      | Gained mutation: You have large cloven feet. [demonic
                  | ancestry]
  1241 | D:2      | Reached XP level 4. HP: 31/34 MP: 4/4
  1453 | D:2      | Found an opulent altar of Gozag.
  1891 | D:3      | Found a stormy altar of Qazlal.
  1896 | D:3      | Found a bloodstained altar of Trog.
  1981 | D:3      | Reached XP level 5. HP: 29/39 MP: 5/5
  1986 | D:3      | Reached skill level 4 in Axes
  2305 | D:3      | Noticed Grinder
  2315 | D:3      | Paralysed by Grinder for 4 turns
  2324 | D:3      | Killed from afar by Grinder

Levels and vault maps discovered:
D:1:      dpeg_arrival_rhombi, layout_basic
D:2:      minmay_evil_eye, layout_loops_ring, nicolae_overflow_hidden_temple,
          first_ration, minmay_tromino_v4_b
D:3:      layout_loops_cross, chequers_temple_overflow_statue_of_worship,
          dk_noncrumbling_2, due_unseen_surprise, uniq_grinder,
          uniq_crazy_yiuf_cottage, uniq_sigmund

Skill      XL: |  1  2  3  4  5 |
---------------+----------------+-----
Axes           | 3 4 |  4.2
Dodging        | 3 |  3.3
Armour         | 1 2 |  2.1
Fighting       | |  2.8
Throwing       | |  1.7

Action                   |  1- 3 |  4- 6 || total
-------------------------+-------+-------++-------
Melee: War axe           |    66 |    61 ||   127
       Kick              |       |    21 ||    21
Throw: Throwing net      |       |     2 ||     2
  Use: Scroll            |     3 |     3 ||     6
 Stab: Sleeping          |     1 |       ||     1
       Held in net/web   |       |     2 ||     2
  Eat: Chunk             |     1 |     3 ||     4
Armor: Leather armour    |     9 |       ||     9
       Ring mail         |    31 |    11 ||    42
       Scale mail        |       |     5 ||     5
       Skin              |       |     1 ||     1
Dodge: Dodged            |    52 |    26 ||    78

Table legend:
 A = Non-vault XP
 B = Vault XP
 C = Vault XP percentage of total XP
 D = Non-vault monster count
 E = Vault monster count
 F = Vault count percentage of total count
                 A         B        C        D         E       F
            +---------+---------+-------+---------+---------+-------
      Total |     261 |      13 |   4.7 |      67 |       5 |   6.9
            +---------+---------+-------+---------+---------+-------
        D:1 |      52 |       0 |   0.0 |      25 |       0 |   0.0
        D:2 |      77 |      13 |  14.4 |      22 |       5 |  18.5
        D:3 |     132 |       0 |   0.0 |      20 |       0 |   0.0
            +---------+---------+-------+---------+---------+-------
